 Dungeon Crawl Stone Soup version 0.30-a0-137-gd8773701ce (webtiles) character file.

Game seed: 4300250545631753596

676 greasedhog the Cudgeller (level 7, -1/39 HPs)
             Began as a Gargoyle Chaos Knight on Sept 21, 2022.
             Was a Plaything of Xom.
             Slain by an iguana (2 damage)
             ... on level 5 of the Dungeon.
             The game lasted 00:06:37 (4647 turns).

greasedhog the Cudgeller (Gargoyle Chaos Knight)    Turns: 4647, Time: 00:06:38

Health: -1/39      AC: 16    Str: 14    XL:     7   Next: 59%
Magic:  7/7        EV:  6    Int: 25    God:    Xom [*.....]
Gold:   179        SH:  0    Dex: 12    Spells: 6/6 levels left

rFire   . . .      SeeInvis .    a - +0 mace (chaos)
rCold   + . .      Faith    .    (no shield)
rNeg    + + .      Spirit   .    f - +0 chain mail
rPois   ∞          Reflect  .    (no helmet)
rElec   +          Harm     .    (no cloak)
rCorr   .          Rampage  .    q - +1 pair of gloves
Will    .....                    (no boots)
Stlth   ..........               (no amulet)
HPRegen 0.13/turn                h - ring "Rebburchuo" {rN+ Int+8 Dex+4}
MPRegen 0.10/turn                (no ring)

@: unable to drink
A: sickness immunity, AC +4, negative energy resistance 1, electricity
resistance, torment resistance 1, petrification resistance, clever 1, cold
resistance 1, frail 1, screaming 1, weak 1, inability to drink after injury 1
a: Renounce Religion


You were on level 5 of the Dungeon.
You worshipped Xom.
You were a special plaything of Xom.
You visited 1 branch of the dungeon, and saw 5 of its levels.

You collected 179 gold pieces.

Inventory:

Hand Weapons
 a - a +0 mace of chaos (weapon)
Armour
 f - a +0 chain mail (worn)
 q - a +1 pair of gloves (worn)
Jewellery
 h - the ring "Rebburchuo" (left hand) {rN+ Int+8 Dex+4}
   (You found it on level 3 of the Dungeon)

   [ring of positive energy]

   Int:       It affects your intelligence (+8).
   Dex:       It affects your dexterity (+4).
   rN:        It protects you from negative energy.
Scrolls
 b - a scroll of fear
 i - 3 scrolls of teleportation
 k - 3 scrolls of enchant weapon
 o - 3 scrolls of amnesia
 r - a scroll of magic mapping {unknown}
Potions
 d - a potion of mutation
 e - a potion of lignification
 g - a potion of might
 p - a potion of magic
Miscellaneous
 c - a piece from Xom's chessboard (15/15) (quivered)


   Skills:
 - Level 5.4 Fighting
 * Level 6.4 Maces & Flails
 * Level 4.8 Armour
 - Level 0.7 Dodging


You had 6 spell levels left.
You didn't know any spells.
Your spell library was empty.

Dungeon Overview and Level Annotations

Branches:
Dungeon (5/15)
 Temple: D:4-7

Altars:
Xom

Shops:
D:1 (

Annotations:
D:5 3 runed translucent doors, IdlyInterested's ghost, amateur DsWn


Innate Abilities, Weirdness & Mutations

You are immune to sickness and miasma.
Your stone body is resilient. (AC +4)
You are immune to poison.
You resist negative energy. (rN+)
You are resistant to electric shocks. (rElec)
You are resistant to unholy torment.
You are immune to petrification.
Your mind is acute. (Int +4, Str/Dex -1)
Your flesh is cold resistant. (rC+)
You are frail. (-10% HP)
You occasionally shout uncontrollably at your foes.
You are weak. (Str -2)
You occasionally lose the ability to drink potions when taking damage.


Message History

You hit the iguana but do no damage.
The iguana seems to speed up.
The iguana barely misses you. The iguana bites you.
You barely miss the iguana.
The iguana is lightly wounded.
The iguana bites you.
You closely miss the iguana.
The iguana is lightly wounded.
The iguana bites you! The iguana bites you.
You closely miss the iguana.
The iguana is lightly wounded.
The iguana bites you but does no damage.
You hit the iguana but do no damage.
The iguana is moderately wounded.
The iguana bites you. The iguana barely misses you.
You closely miss the iguana.
The iguana is moderately wounded.
The iguana barely misses you. x2
You completely miss the iguana.
The iguana is moderately wounded.
The iguana looks more healthy.
The iguana bites you. x2
You hit the iguana. You freeze the iguana.
The iguana is almost dead.
The iguana bites you.
You barely miss the iguana.
The iguana is almost dead.
The iguana bites you!
You feel threatened and lose the ability to drink potions!
* * * LOW HITPOINT WARNING * * *
The iguana bites you.
* * * LOW HITPOINT WARNING * * *
You closely miss the iguana.
The iguana is almost dead.
The iguana bites you but does no damage.
The iguana closely misses you.
Unknown command.
You barely miss the iguana.
The iguana is almost dead.
The iguana bites you.
You die... "It's all fun and games until someone loses an eye."

# #. # #.#####.#
.....#.#
######...#.###
#............#.#
#.#....#.......#
.......<@.....>#
###.#..l.#.#.#.#
#........#
#....#.###
####.#.# #.. #
.## .


You could see an iguana (fast).

Vanquished Creatures
  Sigmund (D:2)
  A centaur (D:5)
  A necrophage (D:4)
  4 orc priests
  3 iguanas
  3 orc wizards
  3 adders
  An ufetubus (D:4)
  A dart slug (D:2)
  7 orcs
  8 ball pythons
  5 endoplasms
  3 giant cockroaches (D:1)
  8 goblins
  9 hobgoblins
  3 jackals (D:4)
  8 kobolds
  6 quokkas
  2 bats (D:3)
  8 rats
85 creatures vanquished.

Vanquished Creatures (others)
  An orc wizard (D:5)
  2 fungi (D:5)
  2 plants (D:5)
5 creatures vanquished.

Grand Total: 90 creatures vanquished

Notes
Turn   | Place    | Note
-------+----------+-------------------------------------------
     0 | D:1      | greasedhog the Gargoyle Chaos Knight began the quest for
                  | the Orb.
     0 | D:1      | Reached XP level 1. HP: 14/14 MP: 1/1
    81 | D:1      | You fall into a shaft and drop 1 floor!
    89 | D:1      | XOM: butterfly on damage
   183 | D:1      | Reached XP level 2. HP: 16/19 MP: 2/2
   312 | D:1      | Found Inaol's Weapon Shoppe.
   436 | D:1      | XOM: silly message
   622 | D:1      | Reached XP level 3. HP: 24/24 MP: 3/3
   628 | D:1      | Found a faded altar of an unknown god.
  1449 | D:2      | Noticed Sigmund
  1456 | D:2      | XOM: enchant monster (bad)
  1459 | D:2      | Gained mutation: Your flesh is cold resistant. (rC+)
                  | [potion of mutation]
  1459 | D:2      | Gained mutation: Your large and strong wings let you fly.
                  | [potion of mutation]
  1466 | D:2      | Killed Sigmund
  1467 | D:2      | Reached skill level 5 in Fighting
  1467 | D:2      | Reached skill level 4 in Maces & Flails
  1467 | D:2      | Reached XP level 4. HP: 31/31 MP: 4/4
  1467 | D:2      | Reached XP level 5. HP: 35/35 MP: 5/5
  1604 | D:2      | Reached skill level 5 in Maces & Flails
  1698 | D:3      | XOM: swap monsters
  1701 | D:3      | Reached XP level 6. HP: 40/40 MP: 6/6
  1742 | D:3      | XOM: give mutations
  1742 | D:3      | Gained mutation: Armour fits poorly on your strangely
                  | shaped body. [Xom's mischief]
  1742 | D:3      | Gained mutation: You are weak. (Str -2) [Xom's mischief]
  1742 | D:3      | Gained mutation: You occasionally shout uncontrollably at
                  | your foes. [Xom's mischief]
  1959 | D:3      | Identified the ring "Rebburchuo" {rN+ Int+8 Dex+4}
  2235 | D:3      | XOM: scenery: summon butterflies
  2319 | D:3      | XOM: god gift: inky potion {god gift}
  2558 | D:4      | XOM: fog
  2780 | D:4      | XOM: scenery: summon butterflies
  2855 | D:4      | XOM: scenery: create altars
  3465 | D:4      | XOM: blink monster(s)
  3473 | D:4      | Reached XP level 7. HP: 40/44 MP: 7/7
  3539 | D:4      | Reached skill level 6 in Maces & Flails
  3586 | D:5      | Entered Level 5 of the Dungeon
  3587 | D:5      | XOM: butterfly on damage
  3594 | D:5      | XOM: confuse monster(s)
  3957 | D:5      | Found a runed translucent gate.
  3958 | D:5      | Found a runed translucent gate.
  3964 | D:5      | Found a runed translucent gate.
  3968 | D:5      | XOM: cast spell 'Dispersal'
  4017 | D:5      | Noticed IdlyInterested's ghost (amateur DsWn)
  4079 | D:5      | XOM: 1-stop teleportation journey
  4092 | D:5      | XOM: noise
  4096 | D:5      | HP: 1/44 [centaur (2)]
  4497 | D:4      | XOM: give mutations
  4497 | D:4      | Lost mutation: Your flesh is cold resistant. (rC+) [Xom's
                  | mischief]
  4497 | D:4      | Gained mutation: Your mind is acute. (Int +4, Str/Dex -1)
                  | [Xom's mischief]
  4618 | D:4      | XOM: give mutations
  4618 | D:4      | Gained mutation: You are frail. (-10% HP) [Xom's mischief]
  4618 | D:4      | Gained mutation: You occasionally lose the ability to drink
                  | potions when taking damage. [Xom's mischief]
  4618 | D:4      | Gained mutation: You are very weak. (Str -4) [Xom's
                  | mischief]
  4633 | D:4      | Lost mutation: You are very weak. (Str -4) [potion of
                  | mutation]
  4633 | D:4      | Lost mutation: Armour fits poorly on your strangely shaped
                  | body. [potion of mutation]
  4633 | D:4      | Lost mutation: Your large and strong wings let you fly.
                  | [potion of mutation]
  4633 | D:4      | Gained mutation: Your flesh is cold resistant. (rC+)
                  | [potion of mutation]
  4645 | D:5      | HP: 1/39 [iguana (4)]
  4647 | D:5      | Slain by an iguana

Illustrated notes

Levels and vault maps discovered:
D:1:      roderic_octagonal_star, layout_basic, ebering_ecumenical_altar_box,
          serial_shops, nicolae_square_shop
D:2:      layout_rooms, kennysheep_generic_room_3, uniq_sigmund
D:3:      layout_basic
D:4:      layout_cave_pods
D:5:      minmay_spotlight, layout_basic, gammafunk_ghost_nasty_kobolds,
          grunt_tough_drop

Skill      XL: |  1  2  3  4  5  6  7 |
---------------+----------------------+-----
Fighting       | 5 |  5.4
Maces & Flails | 4 5 6 |  6.4
Armour         | 4 |  4.8
Dodging        | |  0.7

Action                   |  1- 3 |  4- 6 |  7- 9 || total
-------------------------+-------+-------+-------++-------
Melee: Mace              |   125 |   117 |    49 ||   291
       Punch             |       |       |     1 ||     1
  Use: Scroll            |     3 |     4 |     1 ||     8
       Potion            |     2 |     2 |     7 ||    11
 Stab: Confused          |     1 |       |       ||     1
Armor: Leather armour    |    56 |       |       ||    56
       Chain mail        |     4 |    71 |    29 ||   104
Dodge: Dodged            |    68 |    21 |    19 ||   108

Table legend: (Time is in decaauts)
 A = Elapsed time spent in this place.
 B = Non-inter-level travel time spent in this place.
 C = Inter-level travel time spent in this place.
 D = Time resting spent in this place.
 E = Time spent auto-exploring this place.
 F = Levels seen in this place.
 G = Mean time per level.
                   A        B        C        D        E       F      G
               +--------+--------+--------+--------+--------+-----+--------+
         Total |   4684 |   4456 |    228 |    893 |   2813 |   5 |  936.8 |
       Dungeon |   4684 |   4456 |    228 |    893 |   2813 |   5 |  936.8 |
               +--------+--------+--------+--------+--------+-----+--------+

Top non-repeatable levels by time:
     D:4: 1932 daAuts
     D:2: 884 daAuts
     D:1: 837 daAuts
     D:3: 772 daAuts
     D:5: 257 daAuts
